Sound Tigers vs Comets
Created - March 23, 2024 at 22:08
Goals
|
| Sound Tigers |
0 |
1 |
0 |
1 |
| Comets |
1 |
1 |
1 |
3 |
|
Shots
|
| Sound Tigers |
11 |
9 |
6 |
26 |
| Comets |
10 |
8 |
4 |
22 |
|
1st period
1. Comets , Nicolas Petan 31 (Daniel Zaar 44, Scott Harrington 30) at 0:48
Penalties :
Garret Pilon (BRI) for Interference (Minor) at 10:45
2nd period
2. Sound Tigers , Alex Belzile 21 (Oliver Kylington 50, Pavel Kraskovsky 29) at 0:23
3. Comets , Daniel Zaar 38 (Ryan Lomberg 43, Nicolas Petan 68) at 15:00
Penalties :
Jordan Greenway (BRI) for Hooking (Minor) at 15:08
3rd period
4. Comets , Daniel Zaar 39 (Guillaume Brisebois 4, Ryan Lomberg 44) at 15:22
Penalties :
Tyrell Goulbourne (BRI) for Holding Stick (Minor) at 0:35, Rasmus Asplund (Uti) for Roughing (Minor) at 5:16, Brett Connolly (BRI) for Tripping (Minor) at 10:15, Oliver Kylington (BRI) for Tripping (Minor) at 12:29, Jakub Galvas (BRI) for Holding Stick (Minor) at 16:29
Goalie Stats
Ivan Fedotov (BRI), 19 saves from 22 shots - (0.864), L, 18-12-7, 60:00 minutes
Thatcher Demko (Uti), 25 saves from 26 shots - (0.962), W, 33-18-2, 60:00 minutes
Players Stats for Sound Tigers
Player Name G A P +/- PIM S H SB GA TA FO MP PP MP PK MP
------------------------------------------------------------------------------------
Alex Belzile 1 0 1 0 0 4 1 0 0 0 0/0 13:12 0:58 0:00
Austin Watson 0 0 0 -1 0 2 1 0 0 0 2/5 16:06 1:01 0:00
Brett Connolly 0 0 0 -1 2 1 0 0 0 0 0/0 10:52 0:00 0:00
Casey Staum 0 0 0 0 0 0 0 0 0 0 0/0 13:26 0:00 0:00
Filip Zadina 0 0 0 -1 0 3 1 0 0 0 0/0 10:49 0:00 0:16
Garret Pilon 0 0 0 0 2 1 0 1 1 0 0/3 7:22 0:00 0:00
Jakub Galvas 0 0 0 -1 2 0 0 0 1 0 0/0 19:13 1:11 3:44
Joe Labate 0 0 0 -1 0 1 2 0 1 2 11/31 21:54 1:01 6:04
Jordan Greenway 0 0 0 -1 2 2 1 1 1 1 0/1 20:58 1:01 4:47
Nick Blankenburg 0 0 0 -1 0 1 3 0 0 0 0/0 19:31 1:11 4:42
Noah Cates 0 0 0 0 0 1 1 0 0 0 0/0 12:43 0:00 4:33
Oliver Kylington 0 1 1 -1 2 1 4 3 1 0 0/0 26:26 0:48 6:11
Pavel Kraskovsky 0 1 1 0 0 1 1 0 0 0 6/9 19:43 0:58 5:29
Rhett Gardner 0 0 0 -1 0 5 1 1 0 0 1/3 11:13 0:00 0:56
Ross Colton 0 0 0 0 0 0 0 0 0 2 0/0 7:47 0:00 0:00
Simon Benoit 0 0 0 0 0 0 1 0 0 0 0/0 14:50 0:00 2:04
Slater Koekkoek 0 0 0 -1 0 1 1 1 0 0 0/0 26:58 0:48 7:07
Tyrell Goulbourne 0 0 0 0 2 2 6 0 1 0 0/0 14:57 0:58 1:43
Players Stats for Comets
Player Name G A P +/- PIM S H SB GA TA FO MP PP MP PK MP
------------------------------------------------------------------------------------
Adam Ollas-Mattsson 0 0 0 0 0 2 1 2 0 0 0/0 19:11 4:55 0:49
Curtis Lazar 0 0 0 0 0 6 2 1 1 1 0/0 18:37 5:35 0:00
Dan Renouf 0 0 0 0 0 1 1 0 0 1 0/0 18:46 4:55 0:44
Daniel Zaar 2 1 3 2 0 3 6 0 1 0 2/2 21:41 5:52 0:00
Daniil Miromanov 0 0 0 1 0 0 0 0 0 0 0/0 11:47 0:00 0:00
Guillaume Brisebois 0 1 1 1 0 0 0 2 0 0 0/0 12:12 0:00 0:05
Jean-Sebastien Dea 0 0 0 0 0 1 0 0 0 0 6/9 19:59 5:32 0:39
Juho Lammikko 0 0 0 0 0 0 1 0 0 0 0/0 11:34 0:56 0:00
Juuso Riikola 0 0 0 1 0 0 1 2 0 2 0/0 29:02 6:59 1:10
Lane Pederson 0 0 0 0 0 1 1 0 0 0 1/3 10:35 0:00 0:19
Mackenzie MacEachern 0 0 0 0 0 0 1 0 1 0 0/0 10:04 0:23 0:46
Nicolas Petan 1 1 2 2 0 4 2 1 0 0 18/30 22:48 5:52 1:01
Phil Di Giuseppe 0 0 0 0 0 2 1 0 1 0 3/3 19:03 5:32 0:14
Rasmus Asplund 0 0 0 0 2 0 0 0 0 0 0/2 6:42 0:00 0:00
Ryan Lomberg 0 2 2 2 0 1 2 1 0 0 2/2 22:25 5:33 0:59
Scott Harrington 0 1 1 1 0 1 2 3 1 2 0/0 29:02 6:59 1:10
Trevor Moore 0 0 0 0 0 0 0 0 0 0 0/1 6:54 0:00 0:00
William Lockwood 0 0 0 0 0 0 0 0 0 0 0/0 7:38 0:27 0:00
3 Stars
1 - Daniel Zaar (Uti)
2 - Nicolas Petan (Uti)
3 - Ryan Lomberg (Uti)
Power Play
Sound Tigers - 0 on 1 Attempt(s) - 0.00%
Comets - 0 on 6 Attempt(s) - 0.00%
Penalty Kill
Sound Tigers - 6 on 6 Attempt(s) - 100.00%
- Score 0 goal in Penalty Kill
Comets - 1 on 1 Attempt(s) - 100.00%
- Score 0 goal in Penalty Kill
Team Stat
Sound Tigers - Hits : 24 - Faceoff Wins : 20 - Blocked Shots : 7 - Penalty Minutes : 12
Comets - Hits : 21 - Faceoff Wins : 32 - Blocked Shots : 12 - Penalty Minutes : 2
Official
Referees : Frederick L'Ecuyer and Peter MacDougall
Linesman : Andrew Smith and Travis Gawryletz
Game Notes
Trevor Moore is injured at 14:51 of 2nd period (Bruised Right Foot)
Finance
Level 1 -- Attendance: 1840 (92.00%) -- Ticket Income $128,800
Level 2 -- Attendance: 876 (87.60%) -- Ticket Income $35,040
Total Attendance: 2716 (90.53%)
Total Ticket Income: $163,840
Other Income: $8,192
Total Income: $172,032
Sound Tigers
5 vs 5 Forward
Center Left Wing Right Wing Time % Phy DF OF
1 Joe Labate Jordan Greenway Austin Watson 40 1 2 2
2 Pavel Kraskovsky Tyrell Goulbourne Alex Belzile 30 1 2 2
3 Rhett Gardner Filip Zadina Brett Connolly 20 1 2 2
4 Garret Pilon Noah Cates Ross Colton 10 1 2 2
5 vs 5 Defense
Defense Defense Time % Phy DF OF
1 Oliver Kylington Slater Koekkoek 40 1 2 2
2 Nick Blankenburg Jakub Galvas 30 1 2 2
3 Simon Benoit Casey Staum 20 1 2 2
4 Oliver Kylington Slater Koekkoek 10 1 2 2
PowerPlay Forward
Center Left Wing Right Wing Time % Phy DF OF
1 Joe Labate Jordan Greenway Austin Watson 60 1 2 2
2 Pavel Kraskovsky Tyrell Goulbourne Alex Belzile 40 1 2 2
PowerPlay Defense
Defense Defense Time % Phy DF OF
1 Oliver Kylington Slater Koekkoek 60 1 2 2
2 Nick Blankenburg Jakub Galvas 40 1 2 2
Penalty Kill 4 Players Forward
Center Wing Time % Phy DF OF
1 Joe Labate Jordan Greenway 60 1 2 2
2 Pavel Kraskovsky Tyrell Goulbourne 40 1 2 2
Penalty Kill 4 Players Defense
Defense Defense Time % Phy DF OF
1 Oliver Kylington Slater Koekkoek 60 1 2 2
2 Nick Blankenburg Jakub Galvas 40 1 2 2
Penalty Kill - 3 Players Forward
Forward Time % Phy DF OF
1 Joe Labate 60 1 2 2
2 Pavel Kraskovsky 40 1 2 2
Penalty Kill - 3 Players Defense
Defense Defense Time % Phy DF OF
1 Oliver Kylington Slater Koekkoek 60 1 2 2
2 Nick Blankenburg Jakub Galvas 40 1 2 2
4 vs 4 Forward
Center Wing Time % Phy DF OF
1 Joe Labate Jordan Greenway 60 1 2 2
2 Pavel Kraskovsky Tyrell Goulbourne 40 1 2 2
4 vs 4 Defense
Defense Defense Time % Phy DF OF
1 Oliver Kylington Slater Koekkoek 60 1 2 2
2 Nick Blankenburg Jakub Galvas 40 1 2 2
Last Minutes Offensive
Center Left Wing Right Wing Defense Defense
Joe Labate Jordan Greenway Austin Watson Oliver Kylington Slater Koekkoek
Last Minutes Defensive
Center Left Wing Right Wing Defense Defense
Joe Labate Jordan Greenway Austin Watson Oliver Kylington Slater Koekkoek
Goaltenders
Starting : Ivan Fedotov
Backup : Sean Maguire
Extra Forwards
Normal : Pavel Kraskovsky, Brett Connolly, Ross Colton - PP : Pavel Kraskovsky, Brett Connolly - PK : Pavel Kraskovsky
Extra Defensemen
Normal : Jakub Galvas, Simon Benoit, Casey Staum - PP : Jakub Galvas - PK : Jakub Galvas, Simon Benoit
Penalty Shots
Jordan Greenway, Austin Watson, Alex Belzile, Joe Labate, Pavel Kraskovsky
Custom OT Lines Forwards
Jordan Greenway, Austin Watson, Alex Belzile, Joe Labate, Pavel Kraskovsky, Brett Connolly, Ross Colton, Rhett Gardner, Tyrell Goulbourne, Garret Pilon
Custom OT Lines Defensemen
Oliver Kylington, Slater Koekkoek, Nick Blankenburg, Jakub Galvas, Simon Benoit
Scratches
Alexander Yelesin (Healthy), Ben Thomson (Healthy), Connor Dewar (Healthy), Alex Steeves (Healthy), Cole Koepke (Healthy)
Chris Driedger (Healthy)
Comets
5 vs 5 Forward
Center Left Wing Right Wing Time % Phy DF OF
1 Nicolas Petan Ryan Lomberg Daniel Zaar 56 1 2 2
2 Jean-Sebastien Dea Phil Di Giuseppe Curtis Lazar 30 1 2 2
3 Lane Pederson Trevor Moore Juho Lammikko 10 1 2 2
4 Rasmus Asplund Mackenzie MacEachern William Lockwood 4 1 2 2
5 vs 5 Defense
Defense Defense Time % Phy DF OF
1 Scott Harrington Juuso Riikola 56 1 2 2
2 Dan Renouf Adam Ollas-Mattsson 30 1 2 2
3 Guillaume Brisebois Daniil Miromanov 10 1 2 2
4 Scott Harrington Juuso Riikola 4 1 2 2
PowerPlay Forward
Center Left Wing Right Wing Time % Phy DF OF
1 Nicolas Petan Ryan Lomberg Daniel Zaar 60 1 2 2
2 Jean-Sebastien Dea Phil Di Giuseppe Curtis Lazar 40 1 2 2
PowerPlay Defense
Defense Defense Time % Phy DF OF
1 Scott Harrington Juuso Riikola 60 1 2 2
2 Dan Renouf Adam Ollas-Mattsson 40 1 2 2
Penalty Kill 4 Players Forward
Center Wing Time % Phy DF OF
1 Nicolas Petan Ryan Lomberg 60 1 2 2
2 Jean-Sebastien Dea Phil Di Giuseppe 40 1 2 2
Penalty Kill 4 Players Defense
Defense Defense Time % Phy DF OF
1 Scott Harrington Juuso Riikola 60 1 2 2
2 Dan Renouf Adam Ollas-Mattsson 40 1 2 2
Penalty Kill - 3 Players Forward
Forward Time % Phy DF OF
1 Nicolas Petan 60 1 2 2
2 Jean-Sebastien Dea 40 1 2 2
Penalty Kill - 3 Players Defense
Defense Defense Time % Phy DF OF
1 Scott Harrington Juuso Riikola 60 1 2 2
2 Dan Renouf Adam Ollas-Mattsson 40 1 2 2
4 vs 4 Forward
Center Wing Time % Phy DF OF
1 Nicolas Petan Ryan Lomberg 60 1 2 2
2 Jean-Sebastien Dea Phil Di Giuseppe 40 1 2 2
4 vs 4 Defense
Defense Defense Time % Phy DF OF
1 Scott Harrington Juuso Riikola 60 1 2 2
2 Dan Renouf Adam Ollas-Mattsson 40 1 2 2
Last Minutes Offensive
Center Left Wing Right Wing Defense Defense
Nicolas Petan Ryan Lomberg Daniel Zaar Scott Harrington Juuso Riikola
Last Minutes Defensive
Center Left Wing Right Wing Defense Defense
Nicolas Petan Ryan Lomberg Daniel Zaar Scott Harrington Juuso Riikola
Goaltenders
Starting : Thatcher Demko
Backup : Casey DeSmith
Extra Forwards
Normal : Jean-Sebastien Dea, Juho Lammikko, Phil Di Giuseppe - PP : Jean-Sebastien Dea, Juho Lammikko - PK : Jean-Sebastien Dea
Extra Defensemen
Normal : Adam Ollas-Mattsson, Guillaume Brisebois, Daniil Miromanov - PP : Adam Ollas-Mattsson - PK : Adam Ollas-Mattsson, Guillaume Brisebois
Penalty Shots
Daniel Zaar, Curtis Lazar, Ryan Lomberg, Nicolas Petan, Jean-Sebastien Dea
Custom OT Lines Forwards
Daniel Zaar, Curtis Lazar, Ryan Lomberg, Nicolas Petan, Jean-Sebastien Dea, Juho Lammikko, Phil Di Giuseppe, Trevor Moore, Mackenzie MacEachern, William Lockwood
Custom OT Lines Defensemen
Scott Harrington, Juuso Riikola, Dan Renouf, Adam Ollas-Mattsson, Guillaume Brisebois
Scratches
Anton Zlobin (Healthy), Charles Hudon (Healthy), Jaret Anderson-Dolan (Healthy), Brandon Saigeon (Healthy), Jay O'Brien (Healthy)
Michael Joly (Healthy), Jack Rathbone (Healthy), Michael Kesselring (Healthy), Tyler Graovac (Healthy), William Lagesson (Healthy)
Marek Langhamer (Healthy), Michael Dipietro (Healthy)
% Time on Ice - Sound Tigers
Lines # - Real PCT - Wanted PCT - Time Play
Normal Forward
1 - 35% - 40% - 16:16
2 - 27% - 30% - 12:17
3 - 22% - 20% - 10:12
4 - 16% - 10% - 7:22
Normal Defense
1 - 35% - 40% - 16:07
2 - 30% - 30% - 13:38
3 - 29% - 20% - 13:26
4 - 6% - 10% - 2:56
PP Forward
1 - 51% - 60% - 1:01
2 - 49% - 40% - 0:58
PP Defense
1 - 40% - 60% - 0:48
2 - 60% - 40% - 1:11
PK Forward
1 - 78% - 60% - 9:19
2 - 22% - 40% - 2:35
PK Defense
1 - 61% - 60% - 7:12
2 - 39% - 40% - 4:42
PK3 Forward
1 - 0% - 60%
2 - 0% - 40%
PK3 Defense
1 - 0% - 60%
2 - 0% - 40%
44 Forward
1 - 0% - 60%
2 - 0% - 40%
44 Defense
1 - 0% - 60%
2 - 0% - 40%
Last Minute Offensive - 0:00
Last Minute Defensive - 0:00
Total
Forward - 60:00
Defense - 60:00
|
% Time on Ice - Comets
Lines # - Real PCT - Wanted PCT - Time Play
Normal Forward
1 - 36% - 56% - 16:40
2 - 29% - 30% - 13:14
3 - 21% - 10% - 9:37
4 - 14% - 4% - 6:36
Normal Defense
1 - 46% - 56% - 21:13
2 - 28% - 30% - 13:07
3 - 26% - 10% - 11:47
4 - 0% - 4% - 0:00
PP Forward
1 - 52% - 60% - 6:10
2 - 48% - 40% - 5:44
PP Defense
1 - 59% - 60% - 6:59
2 - 41% - 40% - 4:55
PK Forward
1 - 90% - 60% - 1:47
2 - 10% - 40% - 0:12
PK Defense
1 - 63% - 60% - 1:15
2 - 37% - 40% - 0:44
PK3 Forward
1 - 0% - 60%
2 - 0% - 40%
PK3 Defense
1 - 0% - 60%
2 - 0% - 40%
44 Forward
1 - 0% - 60%
2 - 0% - 40%
44 Defense
1 - 0% - 60%
2 - 0% - 40%
Last Minute Offensive - 0:00
Last Minute Defensive - 0:00
Total
Forward - 60:00
Defense - 60:00
|
Play-by-Play
1st period
0:01 of 1st period - Nicolas Petan wins face-off versus Joe Labate in neutral zone.
0:48 of 1st period - Wrist shot by Nicolas Petan.
0:48 of 1st period - Goal by Nicolas Petan - Sound Tigers : 0 - Comets : 1.
0:49 of 1st period - Jean-Sebastien Dea wins face-off versus Garret Pilon in neutral zone.
0:54 of 1st period - Wrist shot by Curtis Lazar.
0:54 of 1st period - Stopped by Ivan Fedotov with a rebound.
0:56 of 1st period - Snap shot by Phil Di Giuseppe.
0:56 of 1st period - Stopped by Ivan Fedotov with a rebound.
0:58 of 1st period - Slapshot by Adam Ollas-Mattsson.
0:58 of 1st period - Shot Blocked by Garret Pilon.
1:14 of 1st period - Dan Renouf is hit by Tyrell Goulbourne and loses puck.
1:39 of 1st period - Austin Watson is hit by Daniel Zaar and loses puck.
3:12 of 1st period - Wrist shot by Austin Watson.
3:12 of 1st period - Shot Blocked by Adam Ollas-Mattsson.
4:08 of 1st period - Slapshot by Austin Watson.
4:08 of 1st period - Deflect By William Lockwood.
4:08 of 1st period - Stopped by Thatcher Demko with a rebound.
4:40 of 1st period - Icing by Ross Colton.
4:41 of 1st period - Jean-Sebastien Dea wins face-off versus Garret Pilon in Sound Tigers zone.
4:48 of 1st period - Wrist shot by Curtis Lazar.
4:48 of 1st period - Deflect By Jean-Sebastien Dea.
4:48 of 1st period - Stopped by Ivan Fedotov with a rebound.
4:50 of 1st period - Wrist shot by Jean-Sebastien Dea.
4:50 of 1st period - Shot Misses the Net.
4:54 of 1st period - Snap shot by Phil Di Giuseppe.
4:54 of 1st period - Shot Misses the Net.
4:56 of 1st period - Slapshot by Adam Ollas-Mattsson.
4:56 of 1st period - Stopped by Ivan Fedotov with a rebound.
5:14 of 1st period - Wrist shot by Nicolas Petan.
5:14 of 1st period - Shot Blocked by Slater Koekkoek.
5:16 of 1st period - Slapshot by Dan Renouf.
5:16 of 1st period - Stopped by Ivan Fedotov without a rebound.
5:17 of 1st period - Jean-Sebastien Dea wins face-off versus Austin Watson in Sound Tigers zone.
5:20 of 1st period - Snap shot by Curtis Lazar.
5:20 of 1st period - Stopped by Ivan Fedotov with a rebound.
6:23 of 1st period - Snap shot by Rhett Gardner.
6:23 of 1st period - Shot Misses the Net.
6:25 of 1st period - Slapshot by Nick Blankenburg.
6:25 of 1st period - Stopped by Thatcher Demko with a rebound.
7:28 of 1st period - Snap shot by Filip Zadina.
7:28 of 1st period - Stopped by Thatcher Demko without a rebound.
7:29 of 1st period - Joe Labate wins face-off versus Nicolas Petan in Comets zone.
7:56 of 1st period - Pavel Kraskovsky is hit by Scott Harrington and loses puck.
8:13 of 1st period - Rhett Gardner is hit by Lane Pederson and loses puck.
8:22 of 1st period - Wrist shot by Filip Zadina.
8:22 of 1st period - Deflect By Rhett Gardner.
8:22 of 1st period - Stopped by Thatcher Demko without a rebound.
8:23 of 1st period - Joe Labate wins face-off versus Nicolas Petan in Comets zone.
8:38 of 1st period - Wrist shot by Jordan Greenway.
8:38 of 1st period - Stopped by Thatcher Demko with a rebound.
8:50 of 1st period - Scott Harrington is hit by Alex Belzile and loses puck.
9:10 of 1st period - Slapshot by Pavel Kraskovsky.
9:10 of 1st period - Deflect By Alex Belzile.
9:10 of 1st period - Stopped by Thatcher Demko without a rebound.
9:11 of 1st period - Joe Labate wins face-off versus Rasmus Asplund in Comets zone.
9:47 of 1st period - Wrist shot by Daniel Zaar.
9:47 of 1st period - Stopped by Ivan Fedotov with a rebound.
9:57 of 1st period - Snap shot by Alex Belzile.
9:57 of 1st period - Stopped by Thatcher Demko with a rebound.
9:59 of 1st period - Snap shot by Nick Blankenburg.
9:59 of 1st period - Shot Blocked by Guillaume Brisebois.
10:01 of 1st period - Backhand shot by Alex Belzile.
10:01 of 1st period - Stopped by Thatcher Demko with a rebound.
10:21 of 1st period - Snap shot by Austin Watson.
10:21 of 1st period - Shot Misses the Net.
10:39 of 1st period - Snap shot by Nicolas Petan.
10:39 of 1st period - Shot Misses the Net.
10:45 of 1st period - Minor Penalty to Garret Pilon for Interference.
10:46 of 1st period - Nicolas Petan wins face-off versus Joe Labate in Sound Tigers zone.
10:57 of 1st period - Slater Koekkoek is hit by Daniel Zaar and loses puck.
11:10 of 1st period - Slater Koekkoek is hit by Daniel Zaar and loses puck.
11:33 of 1st period - Snap shot by Nicolas Petan.
11:33 of 1st period - Shot Misses the Net.
12:45 of 1st period - Penalty to Garret Pilon is over, Garret Pilon is back on ice.
13:02 of 1st period - Dan Renouf is hit by Simon Benoit and loses puck.
13:17 of 1st period - Mackenzie MacEachern is hit by Tyrell Goulbourne and loses puck.
13:46 of 1st period - Austin Watson is hit by Scott Harrington and loses puck.
14:14 of 1st period - Slapshot by Oliver Kylington.
14:14 of 1st period - Shot Misses the Net.
14:28 of 1st period - Mackenzie MacEachern is hit by Filip Zadina and loses puck.
14:44 of 1st period - Scott Harrington is hit by Tyrell Goulbourne and loses puck.
15:32 of 1st period - Slapshot by Garret Pilon.
15:32 of 1st period - Shot Misses the Net.
15:34 of 1st period - Slapshot by Garret Pilon.
15:34 of 1st period - Deflect By Noah Cates.
15:34 of 1st period - Stopped by Thatcher Demko without a rebound.
15:35 of 1st period - Pavel Kraskovsky wins face-off versus Lane Pederson in Comets zone.
15:38 of 1st period - Snap shot by Pavel Kraskovsky.
15:38 of 1st period - Stopped by Thatcher Demko without a rebound.
15:39 of 1st period - Nicolas Petan wins face-off versus Pavel Kraskovsky in Comets zone.
16:09 of 1st period - Icing by Joe Labate.
16:10 of 1st period - Austin Watson wins face-off versus Nicolas Petan in Sound Tigers zone.
16:21 of 1st period - Jakub Galvas is hit by Daniel Zaar and loses puck.
16:26 of 1st period - Snap shot by Nicolas Petan.
16:26 of 1st period - Stopped by Ivan Fedotov without a rebound.
16:27 of 1st period - Pavel Kraskovsky wins face-off versus Jean-Sebastien Dea in Sound Tigers zone.
16:43 of 1st period - Wrist shot by Curtis Lazar.
16:43 of 1st period - Stopped by Ivan Fedotov with a rebound.
16:53 of 1st period - Juuso Riikola is hit by Austin Watson and loses puck.
17:22 of 1st period - Slapshot by Brett Connolly.
17:22 of 1st period - Shot Blocked by Adam Ollas-Mattsson.
17:34 of 1st period - Oliver Kylington is hit by Dan Renouf and loses puck.
18:01 of 1st period - Wrist shot by Rhett Gardner.
18:01 of 1st period - Stopped by Thatcher Demko without a rebound.
18:02 of 1st period - Nicolas Petan wins face-off versus Joe Labate in Comets zone.
18:29 of 1st period - Scott Harrington is hit by Nick Blankenburg and loses puck.
18:36 of 1st period - Slapshot by Pavel Kraskovsky.
18:36 of 1st period - Shot Hit the Post.
19:44 of 1st period - Filip Zadina is hit by Curtis Lazar and loses puck.
Goals for this period are 0 for Sound Tigers vs 1 for Comets.
Shots for this period are 11 for Sound Tigers vs 10 for Comets.
2nd period
0:01 of 2nd period - Nicolas Petan wins face-off versus Joe Labate in neutral zone.
0:04 of 2nd period - Slater Koekkoek is hit by Nicolas Petan and loses puck.
0:13 of 2nd period - Snap shot by Daniel Zaar.
0:13 of 2nd period - Shot Misses the Net.
0:15 of 2nd period - Snap shot by Nicolas Petan.
0:15 of 2nd period - Stopped by Ivan Fedotov without a rebound.
0:16 of 2nd period - Pavel Kraskovsky wins face-off versus Nicolas Petan in Sound Tigers zone.
0:23 of 2nd period - Snap shot by Alex Belzile.
0:23 of 2nd period - Goal by Alex Belzile - Sound Tigers : 1 - Comets : 1.
0:24 of 2nd period - Nicolas Petan wins face-off versus Joe Labate in neutral zone.
0:35 of 2nd period - Wrist shot by Nicolas Petan.
0:35 of 2nd period - Deflect By Joe Labate.
0:35 of 2nd period - Stopped by Ivan Fedotov with a rebound.
1:14 of 2nd period - William Lockwood is hit by Tyrell Goulbourne.
1:57 of 2nd period - Slapshot by Trevor Moore.
1:57 of 2nd period - Shot Misses the Net.
2:21 of 2nd period - Snap shot by Jean-Sebastien Dea.
2:21 of 2nd period - Shot Misses the Net.
2:23 of 2nd period - Snap shot by Phil Di Giuseppe.
2:23 of 2nd period - Shot Misses the Net.
2:59 of 2nd period - Slapshot by Oliver Kylington.
2:59 of 2nd period - Shot Misses the Net.
3:01 of 2nd period - Snap shot by Filip Zadina.
3:01 of 2nd period - Shot Blocked by Juuso Riikola.
3:52 of 2nd period - Jean-Sebastien Dea is hit by Oliver Kylington and loses puck.
4:05 of 2nd period - Nick Blankenburg is hit by Daniel Zaar and loses puck.
4:20 of 2nd period - Rhett Gardner is hit by Mackenzie MacEachern and loses puck.
4:27 of 2nd period - Wrist shot by William Lockwood.
4:27 of 2nd period - Shot Blocked by Rhett Gardner.
4:29 of 2nd period - Snap shot by Mackenzie MacEachern.
4:29 of 2nd period - Deflect By Nick Blankenburg.
4:29 of 2nd period - Shot Misses the Net.
4:29 of 2nd period - Puck is out of play.
4:30 of 2nd period - Austin Watson wins face-off versus Nicolas Petan in Sound Tigers zone.
4:30 of 2nd period - Austin Watson is hit by Ryan Lomberg.
4:55 of 2nd period - Icing by Pavel Kraskovsky.
4:56 of 2nd period - Pavel Kraskovsky wins face-off versus Jean-Sebastien Dea in Sound Tigers zone.
5:25 of 2nd period - Off-side.
5:26 of 2nd period - Nicolas Petan wins face-off versus Austin Watson in neutral zone.
5:31 of 2nd period - Wrist shot by Adam Ollas-Mattsson.
5:31 of 2nd period - Deflect By Daniel Zaar.
5:31 of 2nd period - Shot Misses the Net.
5:31 of 2nd period - Puck is out of play.
5:32 of 2nd period - Nicolas Petan wins face-off versus Joe Labate in Sound Tigers zone.
5:37 of 2nd period - Slapshot by Ryan Lomberg.
5:37 of 2nd period - Stopped by Ivan Fedotov without a rebound.
5:38 of 2nd period - Ryan Lomberg wins face-off versus Joe Labate in Sound Tigers zone.
5:45 of 2nd period - Snap shot by Joe Labate.
5:45 of 2nd period - Stopped by Thatcher Demko without a rebound.
5:46 of 2nd period - Joe Labate wins face-off versus Nicolas Petan in Comets zone.
5:47 of 2nd period - Wrist shot by Austin Watson.
5:47 of 2nd period - Shot Misses the Net.
5:49 of 2nd period - Slapshot by Slater Koekkoek.
5:49 of 2nd period - Stopped by Thatcher Demko with a rebound.
5:51 of 2nd period - Slapshot by Slater Koekkoek.
5:51 of 2nd period - Shot Blocked by Juuso Riikola.
6:11 of 2nd period - Slapshot by Filip Zadina.
6:11 of 2nd period - Shot Misses the Net.
6:13 of 2nd period - Slapshot by Brett Connolly.
6:13 of 2nd period - Deflect By Nicolas Petan.
6:13 of 2nd period - Shot Misses the Net.
6:13 of 2nd period - Puck is out of play.
6:14 of 2nd period - Jean-Sebastien Dea wins face-off versus Rhett Gardner in Comets zone.
6:19 of 2nd period - Slapshot by Rhett Gardner.
6:19 of 2nd period - Stopped by Thatcher Demko without a rebound.
6:20 of 2nd period - Phil Di Giuseppe wins face-off versus Joe Labate in Comets zone.
6:20 of 2nd period - Phil Di Giuseppe is hit by Nick Blankenburg.
6:30 of 2nd period - Wrist shot by Curtis Lazar.
6:30 of 2nd period - Shot Blocked by Jordan Greenway.
6:32 of 2nd period - Slapshot by Adam Ollas-Mattsson.
6:32 of 2nd period - Shot Misses the Net.
6:34 of 2nd period - Slapshot by Adam Ollas-Mattsson.
6:34 of 2nd period - Stopped by Ivan Fedotov with a rebound.
7:05 of 2nd period - Slapshot by Scott Harrington.
7:05 of 2nd period - Stopped by Ivan Fedotov with a rebound.
7:07 of 2nd period - Wrist shot by Juuso Riikola.
7:07 of 2nd period - Deflect By Juho Lammikko.
7:07 of 2nd period - Shot Misses the Net.
7:07 of 2nd period - Puck is out of play.
7:08 of 2nd period - Pavel Kraskovsky wins face-off versus Trevor Moore in Sound Tigers zone.
7:23 of 2nd period - Wrist shot by Pavel Kraskovsky.
7:23 of 2nd period - Shot Blocked by Scott Harrington.
7:33 of 2nd period - Icing by Scott Harrington.
7:34 of 2nd period - Lane Pederson wins face-off versus Joe Labate in Comets zone.
7:34 of 2nd period - Lane Pederson is hit by Joe Labate.
7:47 of 2nd period - Icing by Scott Harrington.
7:48 of 2nd period - Joe Labate wins face-off versus Lane Pederson in Comets zone.
7:59 of 2nd period - Oliver Kylington is hit by Juho Lammikko and loses puck.
8:05 of 2nd period - Icing by Oliver Kylington.
8:06 of 2nd period - Daniel Zaar wins face-off versus Joe Labate in Sound Tigers zone.
8:52 of 2nd period - Wrist shot by Rhett Gardner.
8:52 of 2nd period - Shot Blocked by Scott Harrington.
9:49 of 2nd period - Snap shot by Phil Di Giuseppe.
9:49 of 2nd period - Shot Misses the Net.
10:52 of 2nd period - Snap shot by Jordan Greenway.
10:52 of 2nd period - Shot Blocked by Curtis Lazar.
11:28 of 2nd period - Snap shot by Filip Zadina.
11:28 of 2nd period - Stopped by Thatcher Demko with a rebound.
11:32 of 2nd period - Snap shot by Filip Zadina.
11:32 of 2nd period - Shot Blocked by Nicolas Petan.
11:34 of 2nd period - Snap shot by Brett Connolly.
11:34 of 2nd period - Deflect By Filip Zadina.
11:34 of 2nd period - Deflect By Dan Renouf.
11:34 of 2nd period - Stopped by Thatcher Demko without a rebound.
11:35 of 2nd period - Nicolas Petan wins face-off versus Joe Labate in Comets zone.
12:00 of 2nd period - Tyrell Goulbourne is hit by Curtis Lazar.
12:58 of 2nd period - Wrist shot by Phil Di Giuseppe.
12:58 of 2nd period - Shot Misses the Net.
13:09 of 2nd period - Snap shot by Curtis Lazar.
13:09 of 2nd period - Stopped by Ivan Fedotov with a rebound.
13:17 of 2nd period - Jean-Sebastien Dea is hit by Tyrell Goulbourne and loses puck.
13:32 of 2nd period - Wrist shot by Pavel Kraskovsky.
13:32 of 2nd period - Shot Misses the Net.
13:34 of 2nd period - Slapshot by Casey Staum.
13:34 of 2nd period - Shot Misses the Net.
13:36 of 2nd period - Snap shot by Tyrell Goulbourne.
13:36 of 2nd period - Stopped by Thatcher Demko without a rebound.
13:37 of 2nd period - Joe Labate wins face-off versus Nicolas Petan in Comets zone.
13:42 of 2nd period - Wrist shot by Jordan Greenway.
13:42 of 2nd period - Stopped by Thatcher Demko without a rebound.
13:43 of 2nd period - Nicolas Petan wins face-off versus Joe Labate in Comets zone.
14:08 of 2nd period - Ryan Lomberg is hit by Noah Cates and loses puck.
14:50 of 2nd period - Trevor Moore is hit by Jordan Greenway and loses puck.
14:51 of 2nd period - Trevor Moore from Comets is injured at 14:51 of 2nd period (Bruised Right Foot).
14:52 of 2nd period - Nicolas Petan wins face-off versus Austin Watson in Comets zone.
14:52 of 2nd period - Nicolas Petan is hit by Oliver Kylington.
15:00 of 2nd period - Wrist shot by Daniel Zaar.
15:00 of 2nd period - Goal by Daniel Zaar - Sound Tigers : 1 - Comets : 2.
15:01 of 2nd period - Nicolas Petan wins face-off versus Joe Labate in neutral zone.
15:06 of 2nd period - Snap shot by Ryan Lomberg.
15:06 of 2nd period - Shot Misses the Net.
15:08 of 2nd period - Minor Penalty to Jordan Greenway for Hooking.
15:09 of 2nd period - Nicolas Petan wins face-off versus Joe Labate in Sound Tigers zone.
15:36 of 2nd period - Juuso Riikola is hit by Oliver Kylington.
16:04 of 2nd period - Slapshot by Pavel Kraskovsky.
16:04 of 2nd period - Shot Misses the Net.
16:06 of 2nd period - Snap shot by Rhett Gardner.
16:06 of 2nd period - Stopped by Thatcher Demko without a rebound.
16:07 of 2nd period - Nicolas Petan wins face-off versus Rhett Gardner in Comets zone.
16:22 of 2nd period - Icing by Juuso Riikola.
16:23 of 2nd period - Phil Di Giuseppe wins face-off versus Joe Labate in Comets zone.
17:08 of 2nd period - Penalty to Jordan Greenway is over, Jordan Greenway is back on ice.
17:28 of 2nd period - Snap shot by Jean-Sebastien Dea.
17:28 of 2nd period - Deflect By Phil Di Giuseppe.
17:28 of 2nd period - Stopped by Ivan Fedotov without a rebound.
17:29 of 2nd period - Nicolas Petan wins face-off versus Joe Labate in Sound Tigers zone.
17:32 of 2nd period - Wrist shot by Daniel Zaar.
17:32 of 2nd period - Shot Misses the Net.
19:12 of 2nd period - Adam Ollas-Mattsson is hit by Rhett Gardner and loses puck.
19:27 of 2nd period - Brett Connolly is hit by Juuso Riikola and loses puck.
Goals for this period are 1 for Sound Tigers vs 1 for Comets.
Shots for this period are 9 for Sound Tigers vs 8 for Comets.
3rd period
0:01 of 3rd period - Joe Labate wins face-off versus Nicolas Petan in neutral zone.
0:35 of 3rd period - Minor Penalty to Tyrell Goulbourne for Holding Stick.
0:36 of 3rd period - Joe Labate wins face-off versus Nicolas Petan in Sound Tigers zone.
1:40 of 3rd period - Icing by Juuso Riikola.
1:41 of 3rd period - Phil Di Giuseppe wins face-off versus Pavel Kraskovsky in Comets zone.
2:02 of 3rd period - Snap shot by Daniel Zaar.
2:02 of 3rd period - Shot Misses the Net.
2:30 of 3rd period - Daniel Zaar is hit by Slater Koekkoek and loses puck.
2:35 of 3rd period - Penalty to Tyrell Goulbourne is over, Tyrell Goulbourne is back on ice.
2:37 of 3rd period - Wrist shot by Tyrell Goulbourne.
2:37 of 3rd period - Stopped by Thatcher Demko without a rebound.
2:38 of 3rd period - Rhett Gardner wins face-off versus Jean-Sebastien Dea in Comets zone.
2:53 of 3rd period - Brett Connolly is hit by Phil Di Giuseppe and loses puck.
3:20 of 3rd period - Off-side.
3:21 of 3rd period - Nicolas Petan wins face-off versus Pavel Kraskovsky in neutral zone.
3:32 of 3rd period - Snap shot by Nicolas Petan.
3:32 of 3rd period - Shot Misses the Net.
3:56 of 3rd period - Jean-Sebastien Dea is hit by Joe Labate and loses puck.
4:09 of 3rd period - Wrist shot by Rhett Gardner.
4:09 of 3rd period - Stopped by Thatcher Demko with a rebound.
4:11 of 3rd period - Slapshot by Oliver Kylington.
4:11 of 3rd period - Shot Blocked by Scott Harrington.
4:13 of 3rd period - Snap shot by Brett Connolly.
4:13 of 3rd period - Stopped by Thatcher Demko with a rebound.
4:15 of 3rd period - Slapshot by Oliver Kylington.
4:15 of 3rd period - Stopped by Thatcher Demko without a rebound.
4:16 of 3rd period - Joe Labate wins face-off versus Nicolas Petan in Comets zone.
4:46 of 3rd period - Snap shot by Lane Pederson.
4:46 of 3rd period - Stopped by Ivan Fedotov with a rebound.
4:48 of 3rd period - Slapshot by Jean-Sebastien Dea.
4:48 of 3rd period - Shot Blocked by Oliver Kylington.
4:50 of 3rd period - Snap shot by Jean-Sebastien Dea.
4:50 of 3rd period - Shot Blocked by Oliver Kylington.
5:16 of 3rd period - Minor Penalty to Rasmus Asplund for Roughing.
5:17 of 3rd period - Joe Labate wins face-off versus Nicolas Petan in Comets zone.
5:18 of 3rd period - Snap shot by Austin Watson.
5:18 of 3rd period - Deflect By Juuso Riikola.
5:18 of 3rd period - Stopped by Thatcher Demko without a rebound.
5:19 of 3rd period - Ryan Lomberg wins face-off versus Jordan Greenway in Comets zone.
5:54 of 3rd period - Snap shot by Tyrell Goulbourne.
5:54 of 3rd period - Shot Blocked by Ryan Lomberg.
6:44 of 3rd period - Austin Watson is hit by Adam Ollas-Mattsson and loses puck.
7:16 of 3rd period - Penalty to Rasmus Asplund is over, Rasmus Asplund is back on ice.
7:58 of 3rd period - Wrist shot by Noah Cates.
7:58 of 3rd period - Deflect By Garret Pilon.
7:58 of 3rd period - Stopped by Thatcher Demko without a rebound.
7:59 of 3rd period - Jean-Sebastien Dea wins face-off versus Garret Pilon in Comets zone.
9:03 of 3rd period - Snap shot by Curtis Lazar.
9:03 of 3rd period - Stopped by Ivan Fedotov with a rebound.
9:07 of 3rd period - Wrist shot by Jean-Sebastien Dea.
9:07 of 3rd period - Deflect By Curtis Lazar.
9:07 of 3rd period - Stopped by Ivan Fedotov without a rebound.
9:08 of 3rd period - Daniel Zaar wins face-off versus Joe Labate in Sound Tigers zone.
9:33 of 3rd period - Dan Renouf is hit by Oliver Kylington and loses puck.
10:15 of 3rd period - Minor Penalty to Brett Connolly for Tripping.
10:16 of 3rd period - Joe Labate wins face-off versus Nicolas Petan in Sound Tigers zone.
10:16 of 3rd period - Joe Labate is hit by Daniel Zaar.
10:57 of 3rd period - Ryan Lomberg is hit by Tyrell Goulbourne and loses puck.
11:32 of 3rd period - Noah Cates is hit by Ryan Lomberg and loses puck.
12:15 of 3rd period - Penalty to Brett Connolly is over, Brett Connolly is back on ice.
12:29 of 3rd period - Minor Penalty to Oliver Kylington for Tripping.
12:30 of 3rd period - Jean-Sebastien Dea wins face-off versus Joe Labate in Sound Tigers zone.
13:05 of 3rd period - Slater Koekkoek is hit by Nicolas Petan and loses puck.
14:29 of 3rd period - Penalty to Oliver Kylington is over, Oliver Kylington is back on ice.
14:31 of 3rd period - Icing by Noah Cates.
14:32 of 3rd period - Pavel Kraskovsky wins face-off versus Rasmus Asplund in Sound Tigers zone.
15:02 of 3rd period - Backhand shot by Jordan Greenway.
15:02 of 3rd period - Shot Misses the Net.
15:04 of 3rd period - Snap shot by Austin Watson.
15:04 of 3rd period - Shot Blocked by Guillaume Brisebois.
15:18 of 3rd period - Wrist shot by Ryan Lomberg.
15:18 of 3rd period - Shot Misses the Net.
15:20 of 3rd period - Snap shot by Guillaume Brisebois.
15:20 of 3rd period - Shot Blocked by Oliver Kylington.
15:22 of 3rd period - Snap shot by Daniel Zaar.
15:22 of 3rd period - Goal by Daniel Zaar - Sound Tigers : 1 - Comets : 3.
15:23 of 3rd period - Nicolas Petan wins face-off versus Joe Labate in neutral zone.
16:18 of 3rd period - Slapshot by Nick Blankenburg.
16:18 of 3rd period - Shot Misses the Net.
16:23 of 3rd period - Juuso Riikola is hit by Nick Blankenburg.
16:29 of 3rd period - Minor Penalty to Jakub Galvas for Holding Stick.
16:30 of 3rd period - Nicolas Petan wins face-off versus Joe Labate in Sound Tigers zone.
16:35 of 3rd period - Snap shot by Daniel Zaar.
16:35 of 3rd period - Shot Misses the Net.
17:53 of 3rd period - Juuso Riikola is hit by Pavel Kraskovsky and loses puck.
18:16 of 3rd period - Snap shot by Rhett Gardner.
18:16 of 3rd period - Shot Misses the Net.
18:29 of 3rd period - Penalty to Jakub Galvas is over, Jakub Galvas is back on ice.
Goals for this period are 0 for Sound Tigers vs 1 for Comets.
Shots for this period are 6 for Sound Tigers vs 4 for Comets.